Map: Undercurrent LE

Players

Sindyr - Winner!

  • Race: Protoss Protoss
  • League: Master
  • Spawn Location: 3:00

Siliatra - Winner!

  • Race: Protoss Protoss
  • Spawn Location: 1:00

gggVictor

  • Race: Terran Terran
  • Spawn Location: 7:00

daosist

  • Race: Protoss Protoss
  • Spawn Location: 7:00

VOD

Have the link to the VOD?

Description

Time

  • Played on: Sept. 19, 2025, 8:13 a.m.
  • Length: 13:25
Show
View Real Time Build Order
Export as new Build Order

Sindyr Protoss - Winner!

Build Orders: 1 Gate Expand 

Get SALT Encoding   

  12  0:01  Probe  
  13  0:14  Probe  
  14  0:19  Pylon  
  14  0:26  Probe  
  15  0:39  Gateway  
  15  0:43  Probe  
  15  0:46  Assimilator  
  16  0:51  Probe  
  17  1:00  Probe  
  18  1:13  Probe  
  19  1:25  Probe  
  20  1:32  Nexus  
  20  1:37  Probe  
  21  1:44  Pylon  
  21  1:52  Cybernetics Core  
  21  1:57  Probe  
  22  2:09  Probe  
  23  2:16  Warp Gate  
  23  2:18  Zealot  
  23  2:21  Probe  
  26  2:23  Assimilator  
  26  2:32  Pylon  
  26  2:33  Probe  
  27  2:45  Probe  
  27  2:48  Probe  
  29  2:57  Probe  
  30  2:59  Gateway  
  30  3:00  Probe  
  31  3:07  Probe  
  31  3:08  Probe  
  31  3:09  Pylon  
  33  3:15  Probe  
  33  3:16  Probe  
  34  3:23  Probe  
  34  3:24  Robotics Facility  
  34  3:26  Probe  
  35  3:30  Forge  
  37  3:38  Probe x2  
  37  3:41  Assimilator  
  39  3:50  Probe x2  
  41  4:02  Probe x2  
  43  4:11  Stalker  
  43  4:12  Stalker, Pylon  
  43  4:13  Observer  
  43  4:15  Probe  
  49  4:19  Protoss Ground Weapons Level 1  
  49  4:25  Pylon  
  49  4:27  Probe  
  49  4:31  Observer  
  50  4:33  Assimilator  
  50  4:36  Stalker x2  
  55  4:39  Probe  
  56  5:04  Forge  
  56  5:15  Stalker  
  56  5:16  Stalker  
  56  5:17  Photon Cannon  
  56  5:18  Photon Cannon  
  56  5:20  Photon Cannon  
  60  5:24  Forge  
  60  5:34  Immortal  
  64  5:47  Gateway, Protoss Ground Armor Level 1  
  64  5:48  Protoss Shields Level 1, Gateway  
  64  6:00  Nexus  
  64  6:11  Twilight Council  
  64  6:14  Pylon  
  64  6:16  Pylon, Stalker x2  
  68  6:23  Protoss Ground Weapons Level 2  
  68  6:28  Photon Cannon  
  68  6:30  Photon Cannon  
  72  6:33  Immortal  
  72  6:42  Pylon  
  72  6:44  Pylon  
  72  6:50  Charge  
  72  7:14  Probe x3  
  72  7:15  Gateway  
  75  7:17  Pylon  
  75  7:21  Photon Cannon  
  75  7:24  Protoss Ground Armor Level 2  
  75  7:26  Probe x3, Photon Cannon  
  75  7:27  Protoss Shields Level 2  
  75  7:29  Photon Cannon  
  78  7:38  Probe x3  
  81  7:50  Probe x3  
  84  7:52  Pylon  
  84  7:53  Pylon  
  84  8:02  Probe x3  
  84  8:03  Templar Archives  
  87  8:14  Probe  
  87  8:16  Assimilator  
  87  8:19  Gateway  
  88  8:20  Assimilator  
  88  8:21  Gateway  
  88  8:23  Protoss Ground Weapons Level 3  
  88  8:25  Photon Cannon  
  88  8:28  Photon Cannon  
  88  8:30  Pylon, Blink  
  88  9:03  High Templar  
  88  9:04  High Templar x3  
  96  9:15  Gateway  
  96  9:17  Gateway  
  96  9:19  Gateway  
  96  9:21  Gateway  
  96  9:25  Archon x2  
  96  9:36  Pylon  
  96  9:37  Pylon  
  96  9:46  Protoss Ground Armor Level 3  
  96  9:50  Photon Cannon  
  96  9:52  Photon Cannon, Nexus  
  96  9:54  Photon Cannon  
  96  9:56  Protoss Shields Level 3  
  96  10:05  Pylon  
  96  10:19  High Templar  
  96  10:20  High Templar x8  
  114  10:23  High Templar  
  114  10:28  Archon x4  
  116  10:29  Archon  
  116  11:12  Gateway  
  116  11:13  Gateway  
  116  11:15  Pylon  
  116  11:20  High Templar  
  116  11:21  High Templar x5  
  128  11:28  Archon x3  
  128  11:31  Zealot x4  
  135  11:59  Probe  
  135  12:00  Photon Cannon  
  136  12:02  Photon Cannon  
  136  12:04  Photon Cannon  
  136  12:05  High Templar  
  136  12:06  High Templar x4  
  146  12:09  Zealot  
  146  12:10  Zealot x4  
  146  12:12  Probe  
  157  12:17  Assimilator  
  157  12:21  Assimilator  
  157  12:22  Gateway  
  157  12:23  Gateway  
  157  12:24  Probe  
  158  12:36  Probe  
  159  12:38  Archon x2  
  159  12:48  Probe  
  154  12:59  High Templar x6  
  154  13:01  Zealot  
  154  13:02  Zealot x5  
  176  13:11  Archon x3  
Show
View Real Time Build Order
Export as new Build Order

Siliatra Protoss - Winner!

Build Orders: 1 Gate Expand, Oracle Opening, Carriers 

Get SALT Encoding   

  12  0:00  Probe  
  13  0:12  Probe  
  14  0:18  Pylon  
  14  0:24  Probe  
  15  0:37  Probe  
  15  0:39  Gateway  
  16  0:44  Assimilator  
  16  0:49  Probe  
  17  1:01  Probe  
  18  1:13  Probe  
  19  1:22  Nexus  
  19  1:26  Probe  
  20  1:39  Cybernetics Core  
  20  1:41  Probe  
  21  1:49  Pylon  
  21  1:54  Assimilator  
  21  1:57  Probe  
  22  2:09  Probe  
  23  2:21  Probe  
  24  2:25  Stargate  
  24  2:29  Probe  
  24  2:32  Probe  
  26  2:37  Probe  
  26  2:40  Probe  
  27  2:47  Probe, Stargate  
  27  2:51  Probe  
  29  2:56  Pylon  
  30  2:59  Probe  
  30  3:00  Oracle  
  30  3:03  Probe  
  32  3:06  Assimilator  
  32  3:11  Probe  
  36  3:15  Probe  
  37  3:20  Assimilator  
  37  3:21  Probe  
  37  3:24  Probe  
  38  3:27  Oracle  
  38  3:29  Probe  
  38  3:32  Probe  
  44  3:50  Probe  
  44  3:51  Probe  
  44  3:54  Oracle  
  49  4:03  Probe x2  
  51  4:15  Probe  
  51  4:16  Pylon  
  52  4:18  Nexus  
  52  4:23  Pylon  
  52  4:29  Assimilator  
  52  4:33  Assimilator  
  52  4:43  Fleet Beacon  
  52  4:51  Stargate  
  52  4:53  Stargate, Protoss Air Weapons Level 1  
  52  4:56  Pylon  
  52  4:57  Pylon  
  56  5:19  Void Ray  
  56  5:30  Carrier  
  59  5:38  Probe x2  
  59  5:39  Probe  
  62  5:47  Probe x3  
  62  5:56  Probe  
  65  5:59  Carrier  
  72  6:08  Probe  
  72  6:09  Probe, Carrier  
  78  6:12  Probe  
  78  6:16  Probe  
  78  6:17  Probe  
  81  6:24  Probe  
  81  6:25  Robotics Facility  
  84  6:29  Pylon  
  84  6:36  Forge  
  84  6:37  Cybernetics Core  
  88  6:41  Carrier  
  90  6:52  Pylon  
  84  7:04  Shield Battery x2  
  84  7:10  Pylon  
  84  7:11  Pylon, Probe x3  
  87  7:21  Carrier x2  
  99  7:38  Nexus  
  99  7:40  Pylon  
  99  7:42  Pylon  
  99  7:44  Pylon  
  99  7:45  Probe  
  99  7:46  Probe x2  
  99  7:49  Carrier  
  99  7:51  Protoss Air Weapons Level 2  
  108  7:57  Probe  
  108  7:58  Probe, Observer  
  111  8:10  Probe x2  
  111  8:11  Observer  
  113  8:17  Probe  
  115  8:20  Carrier, Assimilator  
  115  8:22  Probe x2  
  115  8:25  Assimilator  
  117  8:27  Carrier  
  117  8:29  Photon Cannon  
  117  8:30  Photon Cannon  
  117  8:33  Photon Cannon  
  123  8:35  Photon Cannon  
  123  8:38  Shield Battery  
  123  8:40  Carrier, Shield Battery  
  135  8:57  Carrier  
  135  9:03  Protoss Shields Level 1  
  141  9:18  Cybernetics Core  
  141  9:24  Probe x4  
  141  9:29  Carrier  
  151  9:36  Probe  
  151  9:37  Probe x2  
  151  9:38  Probe  
  155  9:48  Probe  
  156  9:55  Photon Cannon  
  156  9:57  Carrier x2  
  168  10:00  Photon Cannon  
  168  10:02  Pylon  
  168  10:04  Pylon  
  168  10:22  Mothership  
  168  10:24  Protoss Air Armor Level 1  
  168  10:25  Carrier  
  182  10:30  Protoss Air Weapons Level 3, Pylon  
  182  10:37  Nexus  
  182  10:39  Pylon  
  182  10:41  Pylon  
  182  10:48  Twilight Council  
  182  10:55  Carrier  
  188  11:14  Assimilator  
  188  11:18  Assimilator  
  188  11:23  Pylon  
  188  11:24  Shield Battery  
  188  11:26  Shield Battery  
  188  11:29  Photon Cannon  
  188  11:33  Photon Cannon  
  188  11:35  Photon Cannon  
  188  11:37  Photon Cannon  
  198  11:43  Void Ray  
  198  11:47  Void Ray  
  200  11:49  Void Ray  
Show
View Real Time Build Order
Export as new Build Order

gggVictor Terran 

Build Orders:  

Get SALT Encoding   

  12  0:00  SCV  
  13  0:13  SCV  
  14  0:17  Supply Depot  
  14  0:25  SCV  
  15  0:39  SCV  
  15  0:41  Barracks  
  16  0:51  SCV  
  16  0:56  Refinery  
  17  1:03  SCV  
  18  1:17  SCV  
  19  1:30  Orbital Command  
  19  1:37  Command Center  
  19  1:43  Barracks Reactor  
  19  1:55  SCV  
  20  2:08  SCV  
  20  2:13  Refinery  
  21  2:20  Barracks  
  21  2:22  SCV  
  22  2:26  Marine  
  23  2:43  Supply Depot  
  23  2:49  Marine  
  23  2:50  Marine  
  25  3:06  Supply Depot  
  25  3:07  SCV  
  25  3:08  SCV  
  25  3:12  Factory  
  28  3:20  SCV  
  28  3:21  SCV  
  28  3:24  Marine x2  
  31  3:27  Barracks Tech Lab  
  31  3:29  Supply Depot  
  31  3:32  Barracks, SCV  
  33  3:39  Orbital Command  
  32  3:44  SCV  
  33  3:50  Stimpack  
  33  3:53  Marine x2  
  35  4:03  Engineering Bay  
  35  4:07  SCV x2  
  37  4:16  Supply Depot  
  37  4:19  SCV x2  
  37  4:20  Factory Tech Lab  
  39  4:27  Barracks Reactor  
  39  4:31  Starport, SCV x2  
  40  4:32  Marine  
  40  4:33  Marine  
  40  4:34  Marine  
  40  4:37  Terran Infantry Weapons Level 1  
  44  4:38  Supply Depot  
  44  4:50  Marine x2  
  44  4:51  Marine  
  47  5:09  Refinery  
  47  5:28  Marine x5  
  34  5:46  Marine x5  
  38  6:03  Marine  
  38  6:04  Marine x3  
  39  6:08  Supply Depot  
  42  6:13  Siege Tank  
  45  6:18  SCV x2  
  47  6:30  SCV  
  47  6:31  Supply Depot, SCV  
  49  6:34  Terran Infantry Armor Level 1  
  49  6:42  SCV  
  49  6:43  SCV  
  49  6:45  Siege Tank  
  54  6:55  SCV x2  
  54  6:59  Medivac x2  
  60  7:01  Barracks Reactor  
  60  7:04  Marine x3  
  60  7:07  Combat Shield  
  63  7:22  Marine x3  
  66  7:23  SCV x2  
  68  7:35  SCV x2, Medivac  
  72  7:39  Marine  
  73  7:46  Refinery  
  73  7:47  SCV x2  
  75  7:55  Command Center  
  75  8:00  Marine x2  
  75  8:01  Marine x3  
  80  8:06  Medivac  
  80  8:07  Medivac  
  84  8:18  Marine x3  
  84  8:19  Marine x2  
  89  8:21  SCV x2  
  91  8:33  SCV x2  
  93  8:59  Armory  
  93  9:08  Sensor Tower  
  93  9:11  Marine x4  
  93  9:12  Marine  
  98  9:22  Supply Depot x3  
  98  9:29  Marine x5  
  103  9:44  Supply Depot  
  103  9:46  Supply Depot x2, Terran Infantry Weapons Level 2  
  103  9:54  SCV  
  103  9:55  SCV  
  105  10:06  SCV  
  107  10:07  SCV  
  107  10:10  Terran Vehicle Weapons Level 1  
  107  10:15  Marine x5  
  107  10:19  SCV  
  113  10:33  Marine x5  
  118  10:40  SCV x3  
  121  10:50  Marine  
  121  10:51  Marine x3  
  121  10:52  Marine, SCV x3  
  129  11:00  Medivac x2  
  133  11:04  SCV x3  
  133  11:05  Siege Tank  
  133  11:08  Marine  
  133  11:09  Marine x4  
  144  11:16  SCV x2  
  144  11:17  SCV  
  147  11:26  Marine  
  147  11:27  Marine x2  
  147  11:28  SCV  
  147  11:29  Marine x2  
  153  11:37  Siege Tank  
  156  11:44  Marine x2  
  156  11:45  Marine  
  159  11:47  Marine  
Show
View Real Time Build Order
Export as new Build Order

daosist Protoss 

Build Orders: 1 Gate Expand 

Get SALT Encoding   

  12  0:02  Probe  
  13  0:14  Probe  
  14  0:26  Probe  
  15  0:31  Pylon  
  15  0:41  Assimilator  
  15  0:49  Probe  
  16  0:57  Gateway  
  16  1:01  Probe  
  17  1:13  Probe  
  18  1:22  Nexus  
  18  1:33  Pylon  
  18  1:37  Probe  
  19  1:49  Probe  
  20  1:55  Pylon  
  20  1:59  Zealot  
  20  2:01  Probe  
  23  2:11  Cybernetics Core  
  23  2:19  Probe  
  23  2:20  Assimilator  
  24  2:27  Probe  
  24  2:31  Zealot  
  24  2:36  Probe  
  28  2:48  Probe  
  29  3:00  Probe  
  29  3:01  Pylon  
  30  3:16  Twilight Council  
  30  3:19  Pylon  
  30  3:20  Probe  
  30  3:27  Probe  
  32  3:32  Probe  
  33  3:36  Zealot  
  33  3:39  Probe  
  36  3:42  Warp Gate  
  36  3:51  Probe  
  37  4:03  Probe, Adept  
  37  4:06  Probe  
  41  4:15  Probe  
  42  4:17  Forge  
  42  4:18  Probe  
  42  4:24  Assimilator  
  43  4:26  Assimilator  
  43  4:27  Probe  
  43  4:30  Probe  
  45  4:37  Robotics Facility  
  47  4:39  Probe  
  47  4:42  Probe  
  49  4:51  Probe  
  48  5:03  Probe  
  49  5:10  Pylon  
  38  5:18  Probe  
  37  5:26  Probe  
  39  5:35  Probe  
  39  5:38  Photon Cannon  
  39  5:40  Pylon  
  40  5:44  Stalker  
  40  5:48  Probe  
  43  5:56  Probe  
  44  6:00  Probe  
  44  6:03  Immortal  
  49  6:08  Probe  
  50  6:12  Probe  
  50  6:13  Photon Cannon  
  51  6:19  Stalker  
  51  6:20  Probe  
  51  6:24  Probe  
  55  6:28  Photon Cannon  
  55  6:32  Photon Cannon  
  55  6:33  Protoss Shields Level 1  
  55  6:35  Photon Cannon  
  55  6:36  Probe  
  56  6:48  Probe  
  56  6:49  Observer  
  58  6:54  Stalker  
  58  7:00  Probe  
  61  7:03  Gateway  
  61  7:06  Gateway  
  61  7:07  Observer  
  62  7:09  Gateway  
  62  7:10  Gateway  
  62  7:14  Gateway  
  62  7:50  Robotics Bay  
  62  7:58  Stalker  
  62  8:04  Immortal  
  68  8:27  Blink  
  68  8:34  Protoss Ground Weapons Level 1  
  68  8:42  Observer  
  68  8:46  Nexus  
  69  8:49  Assimilator  
  69  8:52  Assimilator  
  69  8:56  Extended Thermal Lance  
  69  9:06  Stalker  
  69  9:07  Stalker x2  
  69  9:08  Stalker x2  
  69  9:09  Stalker  
  81  9:15  Pylon  
  81  9:37  Photon Cannon  
  81  9:50  Photon Cannon, Colossus  
  87  10:01  Photon Cannon  
  87  10:04  Photon Cannon  
  87  10:08  Stalker x2  
  87  10:09  Zealot  
  87  10:10  Zealot  
  87  10:11  Stalker x2  
  99  10:26  Robotics Facility  
  99  10:34  Protoss Ground Weapons Level 2  
  99  10:39  Probe  
  99  10:42  Charge  
  100  10:43  Disruptor  
  104  10:51  Probe  
  104  10:53  Gravitic Boosters  
  105  11:03  Probe  
  106  11:16  Probe, Stalker  
  109  11:35  Pylon  
  109  11:39  Pylon  
  109  11:42  Pylon  
  109  11:53  Probe  
  110  12:05  Probe  
  111  12:13  Stalker x3  
  111  12:14  Stalker x2  
  111  12:15  Stalker  
  123  12:17  Probe  
  124  12:24  Disruptor  
  124  12:29  Probe  
  128  12:32  Immortal  
  132  12:41  Probe  
Tags
 
Add a new tag
Caveats
  • Supply blocks, unpowered buildings, or Contaminate may cause inaccurate times.
  • Supply counts are checked every 10 seconds.